 Dungeon Crawl Stone Soup version 0.31.0-12-g77e489cdc1 (webtiles) character file.

Game seed: 10899742231398595345

13797 112233 the Martial Artist (level 12, -2/87 HPs)
             Began as an Octopode Shapeshifter on Feb 14, 2024.
             Killed from afar by an orc sorcerer (23 damage)
             ... with a bolt of fire
             ... while paralysed by an orc sorcerer
             ... on level 2 of the Orcish Mines.
             The game lasted 00:13:27 (9893 turns).

112233 the Martial Artist (Octopode Shapeshifter)   Turns: 9893, Time: 00:13:27

Health: -2/87      AC:  5    Str: 15    XL:     12   Next: 9%
Magic:  21/21      EV:  2    Int: 12    God:
Gold:   1123       SH:  0    Dex: 15    Spells: 11/11 levels left

rFire   . .          .
                       - Unarmed
rCold   . . .        n - orb {light}
rNeg    . . .        (helmet currently unavailable)
rPois   .            i - amulet of regeneration
rElec   .            k - +4 ring of protection
rCorr   .            C - ring of flight
SInv    +            N - ring of magical power
Will    .....        Q - ring of see invisible
Stlth   +            (no ring)
HPRegen 1.14/turn    (no ring)
MPRegen 0.17/turn    (no ring)
                     (no ring)

%: no passive effects
@: paralysed, beast-form, flying, glowing
A: beast (slay +4), almost no armour, amphibious, 8 rings, camouflage 1,
gelatinous body 1, (nimble swimmer 1), tentacles
a: Begin Untransformation


You were on level 2 of the Orcish Mines.
You were a hulking beast.
You visited 2 branches of the dungeon, and saw 13 of its levels.
You also visited: Ossuary.

You collected 1123 gold pieces.

Inventory:

Hand Weapons
 m - a +0 arbalest
 p - the +4 hand axe "Vilizec" {antimagic, Int+5}
   (You found it on level 3 of the Dungeon)

   Int+5:     It affects your intelligence (+5).
 s - the +6 dagger of Hywnalel {venom, rPois rN+}
   (You found it on level 3 of the Dungeon)

   rPois:     It protects you from poison rN+: It protects you from negative
   energy.
Missiles
 l - 6 boomerangs
 E - 2 throwing nets
Armour
 n - an orb of light (worn)
 u - an orb of mayhem
Jewellery
 i - an amulet of regeneration (around mantle)
 k - a +4 ring of protection (left tentacle)
 C - a ring of flight (right tentacle)
 N - a ring of magical power (on tentacle)
 Q - a ring of see invisible (on tentacle)
Talismans
 b - a beast talisman
 c - a flux talisman
Wands
 D - a wand of digging (4)
 J - a wand of flame (26)
 L - a wand of charming (15) (quivered)
 O - a wand of iceblast (1)
Scrolls
 f - 4 scrolls of noise {unknown}
 h - 14 scrolls of identify {unknown}
 j - 2 scrolls of torment {unknown}
 o - 8 scrolls of teleportation {unknown}
 q - 3 scrolls of enchant armour {unknown}
 t - a scroll of amnesia {unknown}
 y - 3 scrolls of poison {unknown}
 B - 2 scrolls of immolation {unknown}
 F - a scroll of blinking {unknown}
 I - 2 scrolls of revelation {unknown}
 K - a scroll of fear {unknown}
Potions
 a - a potion of lignification
 d - 2 potions of berserk rage
 e - 5 potions of heal wounds
 g - 4 potions of curing
 r - 6 potions of attraction {unknown}
 v - 2 potions of magic {unknown}
 w - 3 potions of mutation {unknown}
 x - 2 potions of invisibility {unknown}
 z - a potion of enlightenment {unknown}
 A - 2 potions of degeneration {unknown}
 G - a potion of resistance {unknown}
 M - a potion of ambrosia {unknown}
Miscellaneous
 P - a condenser vane


   Skills:
 + Level 9.7 Fighting
 + Level 10.0 Dodging
 + Level 10.2 Unarmed Combat
 + Level 9.4 Shapeshifting


You had 11 spell levels left.
You didn't know any spells.
Your spell library contained the following spells:

 Spells                   Type           Power      Damage    Failure   Level
 Kiss of Death            Conj/Necr      0%         2d5       32%         1
 Sandblast                Erth           0%         2d4       32%         1
 Ensorcelled Hibernation  Hex/Ice        0%         N/A       45%         2
 Mercury Vapours          Alch/Air       0%         N/A       45%         2
 Confusing Touch          Hex            0%         N/A       69%         3
 Fugue of the Fallen      Necr           0%         N/A       69%         3
 Mephitic Cloud           Conj/Alch/Air  0%         N/A       69%         3
 Passwall                 Erth           0%         N/A       69%         3
 Stone Arrow              Conj/Erth      0%         3d7       69%         3
 Tukima's Dance           Hex            0%         N/A       69%         3
 Anguish                  Hex/Necr       0%         N/A       97%         4
 Brom's Barrelling Bould  Conj/Erth      0%         2d3       97%         4
 Dimensional Bullseye     Hex/Tloc       0%         N/A       97%         4
 Dispel Undead            Necr           0%         3d6       97%         4
 Iskenderun's Mystic Bla  Conj/Tloc      0%         2d3       97%         4
 Vhi's Electric Charge    Tloc/Air       0%         N/A       97%         4
 Arcjolt                  Conj/Air       0%         1d10      100%        5
 Freezing Cloud           Conj/Ice/Air   0%         6-21      100%        5
 Plasma Beam              Fire/Air       0%         2x1d10    100%        6


Dungeon Overview and Level Annotations

Branches:
Dungeon (11/15)              Lair (0/5) D:9             Orc (2/2) D:10
    Elf (0/3) Orc:2       Ossuary (visited)
 Temple: D:4-7

Altars:
Vehumet

Shops:
D:8 *

Annotations:
D:5 exclusion: downstairs
D:6 exclusion: downstairs
D:7 Jeremiah
D:8 exclusions: downstairs and upstairs
D:10 1 runed translucent door


Innate Abilities, Weirdness & Mutations

You are a hulking beast.
Your limbs bulge with bestial killing power. (Slay +4)
You cannot wear most types of armour.
You are amphibious.
You can wear up to eight rings at the same time.
Your skin changes colour to match your surroundings (Stealth+).
Your rubbery body absorbs attacks. (AC +1, EV +1)
((You are camouflaged when in or above water. (Stealth+)))
You have tentacles for arms and can constrict up to eight enemies at once.


Message History

An orc sorcerer, 2 orc priests, 2 orcs and 3 orc warriors come into view.
An orc is wielding a +2 mace of protection.
The orc warrior shouts!
The orc shouts!
The orc sorcerer shouts!
The orc warrior shouts!
The orc priest shouts!
The orc warrior shouts!
The orc shouts! x2; You hear a shout!
The orc barely misses you.
The orc warrior hits you with a +0 halberd!
An orc comes into view. It is wielding a +0 club.
The orc shouts!
You hear a shout!
Items here: )))))))))) [[[[[[ ††††.
You hear a shout! x5
The orc warrior misses you.
You hear a shout!
The orc warrior barely misses you.
Items here: )))))))))) [[[[[[ ††††.
The orc warrior misses you. The orc warrior misses you.
You bludgeon the orc sorcerer! You grab the orc sorcerer.
The orc sorcerer is moderately wounded.
You constrict the orc sorcerer.
The orc sorcerer mumbles some strange words.
The orc warrior hits you from afar with a +0 halberd!
You bludgeon the orc sorcerer!
The orc sorcerer is almost dead.
You constrict the orc sorcerer, but do no damage.
The orc sorcerer howls an incantation.
You feel troubled.
The orc sorcerer points at you and mumbles some strange words.
You suddenly lose the ability to move!
You lose your grip on the orc sorcerer.
The orc warrior hits you from afar with a +0 halberd!
The orc sorcerer casts a spell at you. The bolt of fire hits you!
The orc warrior hits you from afar with a +0 halberd!!
* * * LOW HITPOINT WARNING * * *
The ice devil hits you but does no damage.
The orc warrior hits you from afar with a +0 halberd.
* * * LOW HITPOINT WARNING * * *
The orc sorcerer points at you and mumbles some strange words.
The bolt of fire hits you!!
You die... ###########.# #.## #..# #.## #..## #...# #ooo## #4oo.# #h#..## ###oo.# #ooo#

..o....
.......>...
...............
...............
...o...........
.o.........$.#.


You could see an ice devil (summoned), an orc sorcerer, an orc warrior, an orc
priest and 2 orcs.

Vanquished Creatures
  A two-headed ogre (D:11)
  2 orc high priests (Orc:2)
  An orc sorcerer (Orc:2)
  3 trolls
  A hornet (D:8)
  2 wyverns
  A vampire (D:9)
  15 yaks
  Eustachio (D:4)
  3 steam dragons
  A warg (Orc:2)
  Edmund (D:6)
  3 vampire mosquitoes (D:10)
  2 acid dragons (D:9)
  10 orc warriors
  4 ice beasts
  3 sky beasts
  2 black bears
  2 ogres
  5 centaurs
  A phantom (D:7)
  3 kobold brigands
  5 elf zombies (Ossuary)
  6 bullfrogs
  4 gnoll sergeants
  3 scorpions
  4 wights (D:8)
  11 killer bees
  3 howler monkeys
  A centaur zombie (Ossuary)
  A jelly (D:7)
  6 orc priests
  2 bombardier beetles
  2 gnoll boudas
  4 hounds
  4 human zombies (Ossuary)
  3 sleepcaps
  Jessica (D:1)
  6 iguanas
  12 orc wizards
  A killer bee zombie (Ossuary)
  3 mummies (Ossuary)
  19 gnolls
  12 adders
  4 white imps
  4 ribbon worms
  2 dart slugs
  50 orcs
  8 endoplasms
  5 giant cockroaches
  10 goblins
  4 hobgoblins
  4 jackals (D:1)
  8 quokkas
  7 ball pythons
  5 bats
  5 frilled lizards
  8 kobolds
  5 rats
309 creatures vanquished.

Vanquished Creatures (collateral kills)
  A two-headed ogre (D:11)
  2 killer bees (D:11)
3 creatures vanquished.

Grand Total: 312 creatures vanquished

Notes
Turn   | Place    | Note
-------+----------+-------------------------------------------
     0 | D:1      | 112233 the Octopode Shapeshifter began the quest for the
                  | Orb.
     0 | D:1      | Reached XP level 1. HP: 13/13 MP: 1/1
   138 | D:1      | Reached XP level 2. HP: 16/18 MP: 2/2
   421 | D:1      | Reached XP level 3. HP: 23/23 MP: 3/3
   818 | D:2      | Noticed Jessica
   826 | D:1      | Killed Jessica
   873 | D:2      | Reached XP level 4. HP: 29/29 MP: 4/4
  1437 | D:3      | Found a faded altar of an unknown god.
  1454 | D:3      | Reached XP level 5. HP: 30/34 MP: 5/5
  1582 | D:3      | Identified the +4 hand axe "Vilizec" {antimagic, Int+5}
  1728 | D:3      | Noticed a sky beast
  1741 | D:3      | Killed a sky beast
  1831 | D:3      | Identified the +6 dagger of Hywnalel {venom, rPois rN+}
  1848 | D:3      | Reached XP level 6. HP: 41/41 MP: 6/6
  2449 | D:4      | Noticed Eustachio
  2605 | D:4      | Reached XP level 7. HP: 30/46 MP: 7/7
  2635 | D:4      | Found a sand-covered staircase.
  2647 | Ossuary  | Entered an ossuary
  2705 | Ossuary  | Reached skill level 5 in Unarmed Combat
  2720 | Ossuary  | Reached skill level 5 in Shapeshifting
  2740 | Ossuary  | Reached XP level 8. HP: 51/54 MP: 8/8
  2762 | Ossuary  | Reached skill level 5 in Dodging
  3027 | D:4      | Killed Eustachio
  3242 | D:5      | Entered Level 5 of the Dungeon
  3274 | D:5      | Found a radiant altar of Vehumet.
  3394 | D:5      | Reached skill level 5 in Fighting
  3643 | D:5      | Reached XP level 9. HP: 53/61 MP: 9/9
  4020 | D:6      | HP: 1/62 [orc warrior/+0 halberd (17)]
  4132 | D:6      | Noticed Edmund
  4392 | D:6      | Killed Edmund
  4923 | D:7      | Reached XP level 10. HP: 44/69 MP: 10/10
  5584 | D:7      | Noticed Jeremiah
  5716 | D:8      | Found Oschuih's Gadget Gallery.
  6541 | D:9      | Found a staircase to the Lair.
  6846 | D:9      | Reached XP level 11. HP: 48/77 MP: 11/11
  7332 | D:10     | Entered Level 10 of the Dungeon
  7625 | D:10     | Found a staircase to the Orcish Mines.
  8307 | D:11     | Noticed a two-headed ogre
  8330 | D:11     | Killed a two-headed ogre
  8356 | D:11     | Noticed a cyan ugly thing
  8378 | D:11     | Killed a two-headed ogre
  8537 | D:10     | Noticed a two-headed ogre
  8538 | D:10     | Found a runed translucent door.
  8721 | Orc:1    | Entered Level 1 of the Orcish Mines
  8785 | Orc:2    | Entered Level 2 of the Orcish Mines
  8992 | Orc:2    | Noticed an orc sorcerer
  9002 | Orc:2    | Killed an orc sorcerer
  9660 | Orc:2    | Found a staircase to the Elven Halls.
  9790 | Orc:2    | Reached skill level 10 in Unarmed Combat
  9791 | Orc:2    | Noticed an orc high priest
  9797 | Orc:2    | Noticed a sixfirhy
  9797 | Orc:2    | Noticed a sun demon
  9797 | Orc:2    | Killed an orc high priest
  9798 | Orc:2    | Reached XP level 12. HP: 77/86 MP: 12/12
  9871 | Orc:2    | Noticed an orc high priest
  9874 | Orc:2    | Killed an orc high priest
  9875 | Orc:2    | Reached skill level 10 in Dodging
  9891 | Orc:2    | Paralysed by an orc sorcerer for 4 turns
  9893 | Orc:2    | Killed from afar by an orc sorcerer

Illustrated notes

Levels and vault maps discovered:
D:1:      dpeg_arrival_simpleton_c, layout_basic,
          chequers_serial_rivers_small_3, hex_medium
D:2:      layout_rooms, minmay_tree_intersection, uniq_jessica
D:3:      layout_basic, shapermc_ecumenical_altar_starsandcircs,
          roderic_three_in_a_row, minmay_statues_item, minmay_gold_behind_fungi,
          minmay_increasing_density
D:4:      layout_basic, enter_ossuary_3, uniq_eustachio
D:5:      layout_gridville, mainiacjoe_overflow_paths
D:6:      layout_cave_pools, portal_sewer_entry_f, serial_bayou_pond_d,
          uniq_edmund
D:7:      minmay_s_stair_smasher, layout_gridville,
          minmay_temple_entry_large_hall, nicolae_shop_i_like_big_books,
          uniq_jeremiah
D:8:      layout_gridville, nicolae_shop_gadgets
D:9:      layout_roguey, lair_entry_dummy, nicolae_fountain_basement
D:10:     layout_irregular_city, orc_0_dummy, small_statue_intersection,
          minmay_st_funbox
D:11:     layout_roguey, serial_shops, nicolae_inconvenience_store
Orc:1:    layout_diamond_mine
Orc:2:    st_orc_congregation, layout_caves, nicolae_orc_tapped_out

Skill      XL: |  1  2  3  4  5  6  7  8  9 10 11 12 |
---------------+-------------------------------------+-----
Fighting       | 2 3 4 5 6 8 9 |  9.7
Dodging        | 3 4 5 7 8 9 10 | 10.0
Unarmed Combat | 4 5 6 7 8 10 | 10.2
Shapeshifting  | 4 5 6 7 8 9 |  9.4

Action                     |  1- 3 |  4- 6 |  7- 9 | 10-12 || total
---------------------------+-------+-------+-------+-------++-------
  Melee: Unarmed           |    41 |    67 |   261 |   373 ||   742
         Constrict         |    13 |    32 |    66 |    74 ||   185
         Tentacles         |     7 |    26 |    77 |   118 ||   228
         Punch             |     4 |     2 |    19 |    38 ||    63
         Dagger            |       |    54 |     3 |       ||    57
  Throw: Boomerang         |     6 |     4 |    15 |    18 ||    43
  Evoke: Wand              |       |       |       |     9 ||     9
         Condenser vane    |       |       |       |     1 ||     1
    Use: Potion            |       |       |     6 |       ||     6
   Stab: Sleeping          |     5 |     4 |     3 |       ||    12
 Armour: Skin              |    13 |    48 |   157 |   186 ||   404
  Dodge: Dodged            |    30 |    43 |   142 |   263 ||   478
